 Dungeon Crawl Stone Soup version 0.17-a0-1910-g4c791fa (webtiles) character file.

6750 shakdrar the Spear-Bearer (level 11, -8/89 HPs)
             Began as a Merfolk Gladiator on Sept 25, 2015.
             Was a Priest of Elyvilon.
             Mangled by an ice beast (14 damage)
             ... summoned by Fannar
             ... on level 1 of the Lair of Beasts.
             The game lasted 00:51:24 (13096 turns).

shakdrar the Spear-Bearer (Merfolk Gladiator)      Turns: 13096, Time: 00:51:24

Health: -8/89      AC: 10    Str: 22    XL:     11   Next: 4%
Magic:  13/13      EV: 29    Int:  7    God:    Elyvilon [***...]
Gold:   584        SH:  7    Dex: 25    Spells: 0 memorised, 10 levels left

rFire  + . .     SeeInvis .     a - +0 trident
rCold  . . .     Clarity  .     h - +2 leather armour {rN+}
rNeg   + + .     SustAt   .     f - +0 buckler
rPois  +         Gourm    .     c - +1 helmet
rElec  +         Spirit   .     i - +0 cloak
rCorr  .         Warding  .     M - +1 pair of gloves of Panentheism {rElec rF+ rN+}
rMut   +         Stasis   .     (no boots)
MR     .....                    p - amulet of resist mutation
Stlth  +++.......               O - ring of Walyitaf {*Drain +Fly rPois rC- Dex+3}
                                H - ring of protection from cold

@: mighty, agile, hasted, very quick, not resistant to hostile enchantments,
fairly stealthy
A: change form in water, swift swim
a: Lesser Healing, Divine Protection, Heal Other, Purification, Renounce
Religion, Evoke Flight


You were on level 1 of the Lair of Beasts.
You worshipped Elyvilon.
Elyvilon was most pleased with you.
You were not hungry.

You visited 2 branches of the dungeon, and saw 12 of its levels.

You collected 584 gold pieces.

Inventory:

Hand weapons
 a - a +0 trident (weapon)
 q - a -1 blowgun
 x - a +0 halberd
 E - the +0 hunting sling of Zin's Hatred {flame, rC- MR+ Dex+4}
   (You found it on level 7 of the Dungeon)

   It causes projectiles fired from it to burn those they strike, causing extra
   injury to most foes and up to half again as much damage against particularly
   susceptible opponents.
   It affects your dexterity (+4).
   It makes you vulnerable to cold.
   It affects your resistance to hostile enchantments.
Missiles
 b - 6 curare-tipped needles
 n - 75 poisoned needles
 o - 13 sling bullets of flame
 y - 4 throwing nets (quivered)
Armour
 c - a +1 helmet (worn)
 f - a +0 buckler (worn)
 h - a +2 leather armour of positive energy (worn)
 i - a +0 cloak (worn)
 M - the +1 pair of gloves of Panentheism (worn) {rElec rF+ rN+}
   (You found it on level 7 of the Dungeon)

   It protects you from fire.
   It insulates you from electricity.
   It protects you from negative energy.
Jewellery
 j - an uncursed amulet of stasis
 p - an amulet of resist mutation (around neck)
 H - a ring of protection from cold (left hand)
 O - the ring of Walyitaf (right hand) {*Drain +Fly rPois rC- Dex+3}
   (You acquired it on level 8 of the Dungeon)

   [ring of dexterity]

   It affects your dexterity (+3).
   It makes you vulnerable to cold.
   It protects you from poison.
   It lets you fly.
   It causes draining when unequipped.
Magical devices
 t - a wand of teleportation (8)
 C - a wand of cold (8)
 I - a wand of cold (9)
 K - a wand of teleportation (6)
Scrolls
 l - 7 scrolls of teleportation
 J - a scroll of identify
 P - a scroll of recharging
Potions
 d - a potion of poison {unknown}
 k - a potion of lignification {unknown}
 m - a potion of brilliance {unknown}
 u - a potion of ambrosia {unknown}
 v - 2 potions of magic
 w - a potion of invisibility {unknown}
 z - a potion of haste
 A - a potion of agility
 B - a potion of might
 F - a potion of degeneration {unknown}
 G - a potion of cure mutation {unknown}
 Q - a potion of berserk rage {unknown}
 S - a potion of heal wounds {unknown}
Books
 L - a book of Frost

   Spells                             Type                      Level
   a - Freeze                         Ice                          1
   b - Throw Frost                    Conjuration/Ice              2
   c - Ozocubu's Armour               Charms/Ice                   3
   d - Throw Icicle                   Conjuration/Ice              4
   e - Summon Ice Beast               Ice/Summoning                4
   f - Condensation Shield            Ice                          4
Comestibles
 e - 11 bread rations
 g - 6 fruits
 r - 8 royal jellies
 s - 2 beef jerkies
 D - a meat ration


   Skills:
 + Level 9.5 Fighting
 - Level 14.0 Polearms
 - Level 2.0 Throwing
 + Level 11.3 Dodging
 - Level 5.0 Shields
 * Level 3.1 Invocations


You had 10 spell levels left.
You didn't know any spells.

Dungeon Overview and Level Annotations

Branches:
Dungeon (11/15)            Temple (0/1) D:5            Lair (1/8) D:8
    Orc (0/4) D:9

Altars:
Elyvilon
Gozag
Qazlal
Ru
Trog
Vehumet
Yredelemnul

Shops:
D:6 (

Annotations:
Lair:1 Fannar, Urug


Message History

The ice beast completely misses you.
You hit Fannar.
Fannar is heavily wounded.
The ice beast misses you. Fannar hits you with a staff of cold.
Fannar freezes you! Fannar blocks your attack.
Fannar is heavily wounded.
The ice beast misses you. You block the ice beast's attack.
You puncture Fannar!
Fannar is severely wounded.
Fannar hits you with a staff of cold!
* * * LOW HITPOINT WARNING * * *
Fannar freezes you!
* * * LOW HITPOINT WARNING * * *
Drink which item? (? for menu, Esc to quit)
You feel yourself speed up. The ice beast barely misses you.
The ice beast hits you.
* * * LOW HITPOINT WARNING * * *
The ice beast freezes you!
You die...

.#.##
#..####
#..#
##....#
#..#
####.#
..## #.#
+.### #.#
....## #>#
....P# #.#
....## #Y#
....# #@##
....# #eY#
....# #..#
###.# ##.#
.####
#...# ..#
...(.# #.#
.......#
#'######
.......(.#
.......#
.........#


You could see Fannar and 2 ice beasts.

Vanquished Creatures
  A komodo dragon (D:8)
  A queen bee (D:8)
  3 yaks (D:9)
  A hungry ghost (D:8)
  An ice beast (D:8)
  2 orc warriors
  2 water moccasins (Lair:1)
  A phantom (D:7)
  A necrophage (D:5)
  4 centaurs
  8 ogres
  3 big kobolds
  7 giant frogs
  A wyvern skeleton (D:7)
  A water moccasin zombie (D:9)
  5 scorpions
  20 killer bees
  3 giant frog zombies
  4 hounds
  4 orc wizards
  3 crimson imps
  7 orc priests
  3 centaur zombies
  Crazy Yiuf (D:6)
  3 gnoll shamans (D:5)
  3 giant frog skeletons
  2 jellies
  4 iguanas
  9 worker ants
  3 hound zombies
  A hound skeleton (D:6)
  11 adders
  34 gnolls
  5 shadow imps
  2 oozes
  An adder skeleton (D:4)
  3 worms
  26 orcs
  5 giant cockroaches
  6 goblins
  8 hobgoblins
  21 jackals
  14 kobolds
  3 quokkas
  8 bats
  5 giant geckos
  A giant gecko skeleton (D:4)
  9 giant newts
  11 rats
  3 plants (D:8)
288 creatures vanquished.

Vanquished Creatures (others)
  2 plants (D:8)
2 creatures vanquished.

Grand Total: 290 creatures vanquished

Notes
Turn   | Place    | Note
--------------------------------------------------------------
     0 | D:1      | shakdrar the Merfolk Gladiator began the quest for the Orb.
     0 | D:1      | Reached XP level 1. HP: 16/16 MP: 1/1
   106 | D:1      | Reached XP level 2. HP: 22/22 MP: 2/2
   261 | D:1      | Reached skill level 5 in Polearms
   524 | D:1      | Reached XP level 3. HP: 28/28 MP: 3/3
   617 | D:1      | You fall through a shaft!
  1268 | D:2      | Reached XP level 4. HP: 34/34 MP: 4/4
  1310 | D:2      | Reached skill level 5 in Dodging
  1638 | D:3      | Reached skill level 6 in Polearms
  1890 | D:3      | Found a faded altar to an unknown god.
  2095 | D:3      | Found a radiant altar of Vehumet.
  2543 | D:4      | Reached XP level 5. HP: 38/41 MP: 5/5
  2837 | D:4      | Reached skill level 7 in Polearms
  2965 | D:4      | Reached XP level 6. HP: 41/47 MP: 6/6
  3043 | D:4      | Noticed an ogre
  3069 | D:4      | Killed an ogre
  3092 | D:4      | Noticed a centaur
  3111 | D:4      | Killed a centaur
  3111 | D:4      | Reached skill level 8 in Polearms
  3452 | D:4      | Reached XP level 7. HP: 46/54 MP: 7/7
  4335 | D:5      | Entered Level 5 of the Dungeon
  4386 | D:5      | Reached skill level 9 in Polearms
  4400 | D:5      | Found a sacrificial altar of Ru.
  4400 | D:5      | Found a white marble altar of Elyvilon.
  4405 | D:5      | Became a worshipper of Elyvilon the Healer
  5089 | D:4      | Reached skill level 5 in Fighting
  5089 | D:4      | Reached XP level 8. HP: 31/58 MP: 8/8
  5251 | D:5      | Reached skill level 10 in Polearms
  5482 | D:5      | Found a staircase to the Ecumenical Temple.
  6236 | D:5      | Reached skill level 11 in Polearms
  7355 | D:6      | Reached XP level 9. HP: 65/67 MP: 9/9
  7427 | D:6      | Found Wufownis's Antique Weapon Emporium.
  7530 | D:6      | Reached skill level 12 in Polearms
  7564 | D:6      | Acquired Elyvilon's first power
  7963 | D:6      | Noticed Crazy Yiuf
  7991 | D:6      | Killed Crazy Yiuf
  8183 | D:6      | Found a bloodstained altar of Trog.
  8184 | D:6      | Found a basalt altar of Yredelemnul.
  8184 | D:6      | Found an opulent altar of Gozag.
  8256 | D:7      | Got a crude hunting sling
  8257 | D:7      | Identified the +0 hunting sling of Zin's Hatred {flame, rC- MR+ Dex+4} (You found it on level 7 of the Dungeon)
  8880 | D:7      | Reached skill level 13 in Polearms
  9215 | D:7      | Got a pair of slimy gloves
  9225 | D:6      | Identified the +1 pair of gloves of Panentheism {rElec rF+ rN+} (You found it on level 7 of the Dungeon)
  9499 | D:8      | Found a staircase to the Lair.
  9500 | D:8      | Noticed a komodo dragon
  9535 | D:8      | Killed a komodo dragon
  9776 | D:8      | Reached XP level 10. HP: 80/80 MP: 10/10
  9871 | D:8      | Reached skill level 10 in Dodging
  9880 | D:8      | Reached skill level 14 in Polearms
  9916 | D:8      | Reached skill level 1 in Shields
 10156 | D:8      | You fall through a shaft for 3 floors!
 10165 | D:10     | Entered Level 10 of the Dungeon
 10486 | D:10     | Acquired Elyvilon's second power
 10971 | D:8      | Noticed a centaur zombie
 10994 | D:8      | Killed a centaur zombie
 11326 | D:8      | Identified a scroll of acquirement
 11327 | D:8      | Got a smoking golden ring
 11328 | D:8      | Identified the ring of Walyitaf {*Drain +Fly rPois rC- Dex+3} (You acquired it on level 8 of the Dungeon)
 11756 | D:9      | Found a staircase to the Orcish Mines.
 12258 | D:9      | Reached skill level 5 in Shields
 12317 | D:9      | Reached skill level 1 in Invocations
 12538 | D:9      | Reached XP level 11. HP: 89/89 MP: 12/12
 12561 | D:9      | Found a stormy altar of Qazlal.
 12734 | D:9      | Acquired Elyvilon's third power
 12794 | D:10     | Noticed a molten gargoyle
 12859 | Lair:1   | Entered Level 1 of the Lair of Beasts
 12913 | Lair:1   | Noticed Urug
 13038 | Lair:1   | Noticed Fannar
 13096 | Lair:1   | Mangled by an ice beast

Vault maps used:
D:1:      dpeg_arrival_stone_temple_mockup, st_stairs_14
D:3:      nicolae_overflow_crystal_walls, ecumenical_altar_2
D:4:      first_bread
D:5:      lemuel_castle_with_subvaults, gammafunk_temple_overflow_statue,
          minmay_temple_entry_mist, serial_bayou_pond_d
D:6:      minitemple, serial_shops, nicolae_shop_stone, uniq_crazy_yiuf_cottage
D:8:      david_lair_shrubbed, david_nohive_1, minmay_misc_feat_more_columns
D:9:      nicolae_qazlal_general_emergency, david_orc_2
D:10:     minivault_8, uniq_nergalle, uniq_maud
D:11:     serial_shops, shop, minmay_fountain_box, amalloy_card_club, uniq_sonja
Lair:1:   uniq_urug, uniq_fannar

Action                   |  1- 3 |  4- 6 |  7- 9 | 10-12 || total
-------------------------+-------+-------+-------+-------++-------
Melee: Trident           |   102 |   169 |   835 |   510 ||  1616
       Unarmed           |       |       |     2 |       ||     2
 Fire: Hunting sling     |       |       |       |     3 ||     3
Throw: Throwing net      |       |     4 |     2 |       ||     6
Invok: Lesser Healing    |       |       |       |     7 ||     7
  Use: Scroll            |     3 |     2 |     6 |     7 ||    18
       Potion            |       |       |     2 |     3 ||     5
 Stab: Sleeping          |       |     2 |     2 |     2 ||     6
       Held in net/web   |       |       |     2 |       ||     2
  Eat: Chunk             |     1 |     7 |    18 |     5 ||    31
       Pizza             |       |       |     2 |       ||     2
       Meat ration       |       |       |       |     2 ||     2
       Beef jerky        |       |       |       |     1 ||     1
